Description

bleh

Build Order

Get SALT Encoding   

  12  0:01  Probe (Chrono Boost)  
  13  0:11  Probe (Chrono Boost)  
  14  0:18  Pylon  
  14  0:22  Probe (Chrono Boost)  
  15  0:36  Probe (Chrono Boost)  
  15  0:38  Gateway  
  16  0:46  Assimilator  
  16  0:47  Probe (Chrono Boost)  
  17  0:57  Probe (Chrono Boost)  
  18  1:08  Probe (Chrono Boost)  
  19  1:21  Nexus  
  19  1:24  Probe (Chrono Boost)  
  20  1:34  Cybernetics Core  
  20  1:41  Probe (Chrono Boost)  
  20  1:43  Assimilator  
  21  1:51  Probe (Chrono Boost)  
  22  1:54  Pylon  
  23  2:12  Warp Gate, Adept (Chrono Boost)  
  26  2:31  Mothership Core  
  26  2:36  Stalker (Chrono Boost)  
  32  2:52  Twilight Council  
  36  3:18  Robotics Facility  
  40  3:38  Dark Shrine, Gateway x2  
  43  3:50  Pylon  
  44  4:01  Gateway  
  45  4:08  Warp Prism (Chrono Boost)  
  48  4:11  Assimilator x2  
  52  4:31  Pylon  
  53  4:40  Nexus  
  53  4:42  Pylon  
  55  5:05  Dark Templar x4  
  66  5:26  Warp Prism (Chrono Boost)  
  70  5:30  Forge x2  
  71  5:36  Archon x2  
  71  5:41  Sentry x2  
  71  5:42  Zealot  
  77  5:55  Robotics Facility  
  83  6:15  Dark Templar x4  
  91  6:28  Archon x2  
  91  6:32  Immortal (Chrono Boost)  
  97  6:35  Protoss Ground Weapons Level 1 (Chrono Boost), Assimilator  
  98  6:40  Assimilator  
  98  6:46  Gateway x3  
  101  6:58  Immortal  
  106  7:12  Charge  
  108  7:16  Protoss Ground Armor Level 1 (Chrono Boost)  
  108  7:20  Gateway x3  
  109  7:43  Templar Archives  
  109  7:57  Immortal, Observer  
  114  8:11  Zealot x5  
  124  8:26  Immortal  
  128  8:36  Immortal  
  128  8:37  Zealot x4  
  152  8:55  Protoss Ground Weapons Level 2 (Chrono Boost)  
  142  8:56  Protoss Ground Armor Level 2 (Chrono Boost)  
  136  9:05  High Templar x4, Immortal  
  148  9:10  Photon Cannon  
  148  9:15  Immortal  
  152  9:29  Archon  
  152  9:37  Archon  
  150  9:44  Immortal  
  158  9:52  Dark Templar x2  
  145  9:54  Immortal  
Spawning Tool Build Advisor. Get it on Overwolf

Go to:

Details

  • Created by: memethief
  • Published on: Sep 12, 2017
  • Modified on: Sep 12, 2017
  • Patch: 3.8.0
Show
View Real Time Build Order
Export as new Build Order

Comments (0)

There are no comments. Be the first!

Create an account to comment!